 Dungeon Crawl Stone Soup version 0.30-a0-939-gc8157cb160 (webtiles) character file.

Game seed: 4961225117501248632

128 Jackthecabe the Magician (level 4, 0/22 (30) HPs)
             Began as a Mummy Hedge Wizard on Mar 26, 2023.
             Slain by an iguana (11 damage)
             ... on level 4 of the Dungeon.
             The game lasted 00:08:04 (3344 turns).

Jackthecabe the Magician (Mummy Hedge Wizard)       Turns: 3344, Time: 00:08:05

HP:   0/22 (30)     AC:  4    Str: 13    XL:     4   Next: 87%
MP:   7/10          EV: 12    Int: 15    God:
Gold: 75            SH:  0    Dex: 11    Spells: 5/11 levels left

rFire   . . .      SeeInvis .    a - +0 dagger
rCold   . . .      Faith    +    (no shield)
rNeg    + + +      Spirit   .    b - +0 robe
rPois   ∞          Reflect  .    i - +1 helmet
rElec   .          Rampage  .    (no cloak)
rCorr   .                        (no gloves)
Will    .....                    (no boots)
Stlth   ++                       (no amulet)
HPRegen 0.23/turn                F - ring of fire
MPRegen 0.12/turn                (no ring)

@: very heavily drained
A: cold resistance 1, negative energy resistance 3, torment resistance 2, heat
vulnerability 1, in touch with death 1, no potions, faith
a: no special abilities


You were on level 4 of the Dungeon.
You visited 1 branch of the dungeon, and saw 4 of its levels.

You collected 75 gold pieces.


Innate Abilities, Weirdness & Mutations

You are immune to poison.
Your flesh is cold resistant. (rC+)
You are immune to negative energy. (rN+++)
You are immune to unholy pain and torment.
You are vulnerable to heat. (rF-)
You are in touch with the powers of death.
You do not drink.
You have a special connection with the divine. (Faith)


   Skills:
 - Level 1.5 Dodging
 - Level 1.5 Stealth
 - Level 4.0 Spellcasting
 - Level 3.1 Conjurations
 - Level 0.7 Summonings
 - Level 0.8 Necromancy
 - Level 0.7 Translocations
 + Level 1.2 Air Magic
 + Level 1.2 Poison Magic


You had 5 spell levels left.
You knew the following spells:

 Your Spells              Type           Power      Damage    Failure   Level
c - Mephitic Cloud        Conj/Pois/Air  8%         N/A       26%         3
m - Magic Dart            Conj           48%        1d5       4%          1
X - Cigotuvi's Dreadful   Necr/Pois/Air  18%        N/A       17%         2

Your spell library contained the following spells:

 Spells                   Type           Power      Damage    Failure   Level
 Slow                     Hex            12%        N/A       19%         1
 Blink                    Tloc           10%        N/A       21%         2
 Call Imp                 Summ           5%         N/A       21%         2
 Lesser Beckoning         Tloc           10%        N/A       21%         2
 Gell's Gravitas          Tloc           5%         N/A       38%         3
 Teleport Other           Tloc           5%         N/A       38%         3

Inventory:

Hand Weapons
 a - a +0 dagger (weapon)
 h - a +1 whip of electrocution
Armour
 b - a +0 robe (worn)
 c - a +0 hat
 i - a +1 helmet (worn)
Jewellery
 F - a ring of fire (left hand)
Scrolls
 d - a scroll of fear
 e - 2 scrolls of teleportation {unknown}
 f - 3 scrolls of vulnerability
 g - a scroll of identify {@r1}
 j - a scroll of brand weapon {unknown}
 k - a scroll of blinking {unknown}
 l - 2 scrolls of enchant armour {unknown}

Dungeon Overview and Level Annotations

Branches:
Dungeon (4/15)
 Temple: D:4-7

Altars:
Cheibriados

Annotations:
D:3 Sigmund, Terence

#.# #.##
#..######.# ###
##.#.......#
.....###.###†######
#....## ##.#
#####.###.##
####.#.## #.....@#
#.###l.# #.###..#
#.##...## #.......#
#.......# #..#.#..#
#..#.#..# #..#.#..#


You could see an iguana.


Message History

A part of your flesh rots into a cloud of miasma!
You feel drained. The iguana barely misses you.
There is a stone staircase leading up here.
You climb upwards.
Level annotation: Sigmund, Terence
There is a stone staircase leading down here.
You start resting.
HP restored.
Magic restored.
You climb downwards.
The iguana bites you but does no damage.
There is a stone staircase leading up here.
The magic dart hits the iguana but does no damage.
The iguana is moderately wounded.
The iguana barely misses you.
The magic dart hits the iguana but does no damage.
The iguana is moderately wounded.
The iguana bites you!
Ouch! That really hurt!
* * * LOW HITPOINT WARNING * * *
Casting: Magic Dart (safe; 4% risk of failure)
Confirm with . or Enter, or press ? or * to list all spells.
Aiming: Magic Dart (safe; 4% risk of failure)
Press: ? - help, Shift-Dir - straight line, f/p - iguana
Aim: an iguana (moderately wounded, 100% to hit)
The magic dart hits the iguana.
The iguana is heavily wounded.
The iguana bites you!
Ouch! That really hurt!
You die...

Skill      XL: |  1  2  3  4 |
---------------+-------------+-----
Conjurations   | 1 2 3 |  3.1
Air Magic      | 1 |  1.2
Poison Magic   | 1 |  1.2
Dodging        | |  1.5
Stealth        | |  1.5
Spellcasting   | |  4.0
Summonings     | |  0.7
Necromancy     | |  0.8
Translocations | |  0.7

Action                     |  1- 3 |  4- 6 || total
---------------------------+-------+-------++-------
  Melee: Dagger            |     5 |    19 ||    24
   Cast: Magic Dart        |    97 |    78 ||   175
         Cigotuvi's Dreadf |       |     3 ||     3
    Use: Scroll            |       |     3 ||     3
 Armour: Robe              |     4 |     9 ||    13
  Dodge: Dodged            |    15 |    22 ||    37

Levels and vault maps discovered:
D:1:      dpeg_arrival_rhombus, layout_loops_cross, hangedman_feature_mirror,
          chequers_serial_rivers_micro_b
D:2:      layout_loops_ring, uniq_robin
D:3:      layout_loops_ring, slow_altar_1, chequers_temple_overflow_minitemple,
          dreamdust_ecumenical_altar_drowned_temple, uniq_jessica, uniq_sigmund,
          uniq_natasha, uniq_terence
D:4:      layout_loops_cross

Notes
Turn   | Place    | Note
-------+----------+-------------------------------------------
     0 | D:1      | Jackthecabe the Mummy Hedge Wizard began the quest for the
                  | Orb.
     0 | D:1      | Reached XP level 1. HP: 13/13 MP: 5/5
    35 | D:1      | Reached skill level 1 in Conjurations
   433 | D:1      | Reached XP level 2. HP: 19/19 MP: 1/7
   773 | D:1      | Reached skill level 2 in Conjurations
  1082 | D:1      | Gained mutation: You are in touch with the powers of death.
                  | [Mummy growth]
  1082 | D:1      | Reached XP level 3. HP: 24/24 MP: 0/8
  1364 | D:2      | Noticed Robin
  1442 | D:2      | Killed Robin
  1603 | D:2      | Reached skill level 3 in Conjurations
  1606 | D:2      | Learned a level 2 spell: Cigotuvi's Dreadful Rot
  1885 | D:2      | Reached XP level 4. HP: 30/30 MP: 5/10
  2397 | D:3      | Noticed Terence
  2649 | D:3      | Noticed Sigmund
  2816 | D:3      | Found a snail-covered altar of Cheibriados.
  3115 | D:3      | Learned a level 3 spell: Mephitic Cloud
  3126 | D:4      | Reached skill level 1 in Air Magic
  3126 | D:4      | Reached skill level 1 in Poison Magic
  3344 | D:4      | Slain by an iguana

Vanquished Creatures
  A jelly (D:4)
  A mummy (D:3)
  Robin (D:2)
  A gnoll (D:1)
  An adder (D:2)
  2 dart slugs (D:1)
  4 bats
  3 endoplasms
  2 giant cockroaches
  9 goblins
  8 hobgoblins
  2 quokkas
  3 ball pythons
  2 frilled lizards
  3 kobolds
  6 rats
49 creatures vanquished.

Vanquished Creatures (others)
  An orc (D:3)
1 creature vanquished.

Grand Total: 50 creatures vanquished

Table legend: (Time is in decaauts)
 A = Elapsed time spent in this place.
 B = Non-inter-level travel time spent in this place.
 C = Inter-level travel time spent in this place.
 D = Time resting spent in this place.
 E = Time spent auto-exploring this place.
 F = Levels seen in this place.
 G = Mean time per level.
                   A        B        C        D        E       F      G
               +--------+--------+--------+--------+--------+-----+--------+
         Total |   3347 |   3220 |    127 |    449 |   2289 |   4 |  836.8 |
       Dungeon |   3347 |   3220 |    127 |    449 |   2289 |   4 |  836.8 |
               +--------+--------+--------+--------+--------+-----+--------+

Top non-repeatable levels by time:
     D:1: 1395 daAuts
     D:2: 1359 daAuts
     D:3: 425 daAuts
     D:4: 167 daAuts

Table legend:
 A = Non-vault XP
 B = Vault XP
 C = Vault XP percentage of total XP
 D = Non-vault monster count
 E = Vault monster count
 F = Vault count percentage of total count
                 A         B        C        D         E       F
            +---------+---------+-------+---------+---------+-------
      Total |     132 |      52 |  28.3 |      37 |      13 |  26.0
            +---------+---------+-------+---------+---------+-------
        D:1 |      41 |       6 |  12.8 |      14 |       4 |  22.2
        D:2 |      32 |      28 |  46.7 |      12 |       8 |  40.0
        D:3 |      11 |      18 |  62.1 |       9 |       1 |  10.0
        D:4 |      48 |       0 |   0.0 |       2 |       0 |   0.0
            +---------+---------+-------+---------+---------+-------
